 Dungeon Crawl Stone Soup version 0.22-a0-247-gbddf880 (webtiles) character file.

3374 Amnesiac the Geomancer (level 9, 0/79 HPs)
             Began as a Deep Dwarf Earth Elementalist on Feb 25, 2018.
             Was an Initiate of Gozag.
             Killed from afar by an orc wizard (9 damage)
             ... with a magic dart
             ... on level 7 of the Dungeon.
             The game lasted 00:19:16 (6695 turns).

Amnesiac the Geomancer (DDEE)                       Turns: 6695, Time: 00:19:16

Health: 0/79       AC:  8    Str: 15    XL:     9   Next: 74%
Magic:  20/20      EV: 14    Int: 18    God:    Gozag
Gold:   800        SH:  2    Dex: 11    Spells: 8/23 levels left

rFire    + + .     SeeInvis .   m - +3 quarterstaff (chaos)
rCold    . . .     Gourm    .   (shield currently unavailable)
rNeg     . . .     Faith    .   B - +3 leather armour {rF+}
rPois    +         Spirit   .   (no helmet)
rElec    .         Reflect  +   f - +0 cloak
rCorr    .         Harm     .   t - +0 pair of gloves
MR       +....                  (no boots)
Stlth    ++........             j - +2 amulet of reflection
HPRegen  0.00/turn              a - ring of flight
MPRegen  0.17/turn              (no ring)

@: non-regenerating
A: damage resistance, heal wounds, clumsy 1, fire resistance 1, sense
surroundings 2, poison resistance, strong 1, no potion heal 1, no regeneration
a: Heal Wounds, Potion Petition, Call Merchant, Bribe Branch, Renounce Religion,
Evoke Flight


You were on level 7 of the Dungeon.
You worshipped Gozag.
Gozag was pleased with you.
You were full.

You visited 1 branch of the dungeon, and saw 7 of its levels.

You collected 1469 gold pieces.
You spent 626 gold pieces at shops.
You paid 43 gold pieces to Gozag.

Inventory:

Hand Weapons
 c - a +0 blowgun
 m - a +3 quarterstaff of chaos (weapon)
 o - a +0 hunting sling
Missiles
 b - 122 stones (quivered)
 e - 73 poisoned needles
Armour
 f - a +0 cloak (worn)
 t - a +0 pair of gloves (worn)
 B - a +3 leather armour of fire resistance (worn)
 C - a +0 buckler
 E - the cursed +0 ring mail of the Falcon {Stlth+, unknown}
   (You found it on level 7 of the Dungeon)

   It makes you more stealthy.
   It has a curse placed upon it.
Jewellery
 a - a ring of flight (left hand)
 h - a cursed amulet of inaccuracy {unknown}
 j - a +2 amulet of reflection (around neck)
Wands
 n - a wand of acid (16)
 u - a wand of paralysis (10)
 y - a wand of iceblast (9)
Scrolls
 i - 2 scrolls of remove curse {!r}
 l - 3 scrolls of fog {!r}
 p - a scroll of teleportation {!r}
 s - 4 scrolls of immolation {!r}
 w - 3 scrolls of fear {!r}
 x - a scroll of enchant weapon {!r}
 z - a scroll of identify {!r}
 D - a scroll of vulnerability {!r, unknown}
Potions
 g - a potion of brilliance {!q}
 k - 2 potions of haste {!q}
 q - a potion of cancellation {!q}
 r - 2 potions of flight {!q}
 v - a potion of invisibility {!q}
 A - a potion of agility {!q}
Comestibles
 d - 7 rations


   Skills:
 + Level 4.6 Fighting
 + Level 5.6 Dodging
 - Level 2.4 Stealth
 - Level 4.0 Shields
 + Level 7.6 Spellcasting
 - Level 0.8 Transmutations
 - Level 10.0 Earth Magic


You had 8 spell levels left.
You knew the following spells:

 Your Spells              Type           Power        Failure   Level  Hunger
a - Sandblast             Erth           #####.       1%          1    None
b - Passwall              Tmut/Erth      ####......   1%          2    None
c - Stone Arrow           Conj/Erth      ###...       4%          3    #......
d - Lee's Rapid Deconstr  Erth           #####.....   5%          5    #####..
e - Petrify               Tmut/Erth      ####....     13%         4    ###....


Dungeon Overview and Level Annotations

Branches:
Dungeon (7/15)             Temple (0/1) D:6

Altars:
Cheibriados
Elyvilon
Fedhas
Gozag
Hepliaklqana
Makhleb
Nemelex Xobeh
Qazlal
Ru
Sif Muna
Trog
Uskayaw
Vehumet
Xom

Shops:
D:5 :   D:6 *   D:7 [

Annotations:
D:6 exclusion: downstairs


Innate Abilities, Weirdness & Mutations

You are resistant to damage.
You can heal yourself by infusing magical energy.
You passively map the area around you.
You do not regenerate.
You are clumsy. (Dex -2)
Your flesh is heat resistant. (rF+)
Your system is resistant to poisons. (rPois)
Your muscles are strong. (Str +2)
Potions are less effective at restoring your health.


Message History

A wight comes into view. It is wielding a dire flail.
The howler monkey misses you.
You hit the howler monkey.
The howler monkey is moderately wounded.
The howler monkey blinks!
The howler monkey misses you.
A wight comes into view. It is wielding an enchanted long sword.
Casting: Lee's Rapid Deconstruction (safe; 5% risk of failure)
Confirm with . or Enter, or press ? or * to list all spells.
Aiming: Sandblast (safe; 1% risk of failure)
Press: ? - help, Shift-Dir - straight line, f - howler monkey
Aim: a howler monkey (translocational energy, catching its breath)
The blast of sand hits the howler monkey.
You kill the howler monkey!
b - 122 stones Unknown command.
The howler monkey barely misses you.
The wight throws a stone.
The stone hits you but does no damage.
A wight comes into view. It is wielding a spear.
You see here a stone.
The howler monkey is distracted by the nearby gold.
The wight is distracted by the nearby gold.
The wight is distracted by your gold.
The wight moves out of view.
A wight comes into view. It is wielding an enchanted battleaxe.
The wight is no longer distracted by gold. x2
The wight throws a stone.
The stone hits you.
You see here a stone.
Casting: Sandblast (safe; 1% risk of failure)
Confirm with . or Enter, or press ? or * to list all spells.
You can't see any susceptible monsters within range! (Use Z to cast anyway.) Unknown command.
The wight throws a stone.
The stone completely misses you.
The orc warrior shouts!
You hear a shout!
The howler monkey is distracted by the nearby gold.
The wight barely misses you.
You see here a stone.
The howler monkey howls!
The wight throws a stone.
The stone hits you. The orc is distracted by your gold.
The wight hits you with a dagger.
* * * LOW HITPOINT WARNING * * *
You see here a stone.
The orc wizard zaps a wand.
You resist with some effort.
It is a wand of disintegration (9).
The orc wizard gestures at you while chanting.
The puff of flame hits you! You resist.
* * * LOW HITPOINT WARNING * * *
The howler monkey hoots and howls with incredible vigour!
The wight throws a stone.
The stone completely misses you. The orc warrior closely misses you.
You see here a stone.
The orc wizard casts a spell at you. The magic dart hits you!
* * * LOW HITPOINT WARNING * * *
The orc shouts!
You hear a shout!
The orc wizard zaps a wand.
You resist with some effort.
The orc wizard casts a spell.
The orc wizard flickers and vanishes!
Deactivating autopickup; reactivate with Ctrl-A.
The orc wizard gestures wildly while chanting.
The orc wizard seems to speed up.
The orc wizard gestures at you while chanting.
The magic dart hits you!
You die...
Your body crumbles into a pile of gold.

##..# #..# #...............#
..).# #..# #.........).....#
....# #..# #........#......#
....# #..# #.........#####.#
....# ###..####.oz.z....#####.##
....# #..........#.#........#.z(
....# #........o.#.#........#.#z
....####..........#.#........#o#z
###)...#).......@......>.........
###...............#.#............
#...................#............
#..............).........##..#.##
#...........................##...
#..........###..##.#..###..##.o..
#................................
#......<.........#.....#####.....
#.........#..###.....### #.....


You could see an orc warrior, a wight and an orc wizard.

Vanquished Creatures
  A moth of wrath (D:6)
  A hippogriff (D:7)
  An ice beast (D:5)
  An orc warrior (D:6)
  A black bear (D:4)
  A phantom (D:7)
  2 ogres
  5 sky beasts
  2 centaurs (D:6)
  A big kobold (D:7)
  5 bullfrogs
  3 scorpions
  3 howler monkeys (D:7)
  5 wights (D:7)
  A crimson imp (D:5)
  A bullfrog zombie (D:5)
  2 hounds
  A jelly (D:5)
  Crazy Yiuf (D:2)
  2 orc priests
  A centaur skeleton (D:4)
  4 orc wizards
  2 iguanas
  5 worker ants
  A hound skeleton (D:4)
  16 adders
  6 worms
  3 dart slugs
  4 leopard geckos
  19 orcs
  3 giant cockroaches
  4 hobgoblins
  15 jackals
  3 quokkas
  A ball python (D:1)
  A ball python zombie (D:4)
  7 bats
  7 frilled lizards
  A jackal zombie (D:5)
  8 kobolds
  7 rats
158 creatures vanquished.

Vanquished Creatures (others)
  A quokka (D:4)
1 creature vanquished.

Grand Total: 159 creatures vanquished

Notes
Turn   | Place    | Note
-------+----------+-------------------------------------------
     0 | D:1      | Amnesiac the Deep Dwarf Earth Elementalist began the quest for the Orb.
     0 | D:1      | Reached XP level 1. HP: 15/15 MP: 3/3
    48 | D:2      | Reached XP level 2. HP: 22/22 MP: 3/5
   218 | D:3      | Reached skill level 5 in Earth Magic
   284 | D:3      | Found a hazy altar of Hepliaklqana.
   285 | D:3      | Found a shimmering altar of Xom.
   286 | D:3      | Noticed a spectral ugly thing
   310 | D:3      | Reached XP level 3. HP: 28/28 MP: 3/6
   399 | D:3      | Found a snail-covered altar of Cheibriados.
   428 | D:3      | Found an opulent altar of Gozag.
   790 | D:3      | Became a worshipper of Gozag Ym Sagoz the Greedy
  1429 | D:2      | Reached XP level 4. HP: 33/36 MP: 4/7
  1639 | D:2      | Reached skill level 6 in Earth Magic
  1702 | D:2      | Found a runed door.
  1817 | D:2      | Noticed Crazy Yiuf
  1821 | D:2      | Killed Crazy Yiuf
  1904 | D:2      | Found a sacrificial altar of Ru.
  2193 | D:3      | Reached XP level 5. HP: 27/42 MP: 9/9
  2242 | D:3      | Learned a level 2 spell: Passwall
  2248 | D:3      | Learned a level 5 spell: Lee's Rapid Deconstruction
  2606 | D:4      | Found a deep blue altar of Sif Muna.
  2617 | D:4      | Reached skill level 7 in Earth Magic
  2671 | D:4      | Found a radiant altar of Vehumet.
  2713 | D:4      | Noticed a sky beast
  2718 | D:4      | Killed a sky beast
  2718 | D:4      | Reached XP level 6. HP: 27/49 MP: 5/11
  2745 | D:4      | Found a sparkling altar of Nemelex Xobeh.
  2783 | D:4      | Reached skill level 8 in Earth Magic
  2794 | D:4      | Found a sacrificial altar of Ru.
  3101 | D:4      | Found a burning altar of Makhleb.
  3248 | D:4      | Reached skill level 9 in Earth Magic
  3248 | D:4      | Reached XP level 7. HP: 24/55 MP: 8/12
  3575 | D:5      | Entered Level 5 of the Dungeon
  3594 | D:5      | Found Geury's Book Shop.
  3602 | D:5      | Learned a level 4 spell: Petrify
  3857 | D:5      | Reached skill level 10 in Earth Magic
  3885 | D:5      | Found a stormy altar of Qazlal.
  4044 | D:5      | Found a hide-covered altar of Uskayaw.
  4095 | D:5      | Reached skill level 5 in Spellcasting
  4181 | D:5      | Reached XP level 8. HP: 19/62 MP: 6/16
  4586 | D:6      | Gained mutation: Your magical capacity is low. (-10% MP) [potion of mutation]
  4586 | D:6      | Gained mutation: You have large cloven feet. [potion of mutation]
  4594 | D:6      | Reached skill level 1 in Fighting
  4791 | D:6      | Learned a level 3 spell: Stone Arrow
  5253 | D:6      | Found Bairos's Assorted Antiques.
  5256 | D:6      | Bought 2 silvery potions for 52 gold pieces
  5256 | D:6      | Bought a lumpy bone amulet for 145 gold pieces
  5256 | D:6      | Bought a jewelled bone wand for 116 gold pieces
  5531 | D:6      | Found a staircase to the Ecumenical Temple.
  5549 | D:6      | Noticed a moth of wrath
  5552 | D:6      | Found a bloodstained altar of Trog.
  5655 | D:6      | Killed a moth of wrath
  5655 | D:6      | Gained mutation: You passively map the area around you. [Deep Dwarf growth]
  5655 | D:6      | Reached XP level 9. HP: 7/76 MP: 2/17
  5982 | D:7      | Found Dirien's Armour Shoppe.
  5987 | D:7      | Lost mutation: Your magical capacity is low. (-10% MP) [potion of mutation]
  5987 | D:7      | Lost mutation: You have large cloven feet. [potion of mutation]
  5987 | D:7      | Gained mutation: You passively map a large area around you. [potion of mutation]
  5987 | D:7      | Gained mutation: Potions are less effective at restoring your health. [potion of mutation]
  5987 | D:7      | Gained mutation: Your mind is acute. (Int +2) [potion of mutation]
  5992 | D:7      | Bought a +3 leather armour of fire resistance for 264 gold pieces
  5992 | D:7      | Bought a +0 buckler for 49 gold pieces
  6003 | D:7      | Lost mutation: Your mind is acute. (Int +2) [potion of mutation]
  6003 | D:7      | Lost mutation: You passively map a large area around you. [potion of mutation]
  6003 | D:7      | Gained mutation: Your flesh is heat resistant. (rF+) [potion of mutation]
  6003 | D:7      | Gained mutation: You are resistant to hostile enchantments. (MR+) [potion of mutation]
  6003 | D:7      | Gained mutation: You are partially covered in iridescent scales. (AC +2) [potion of mutation]
  6003 | D:7      | Gained mutation: Your flesh is cold resistant. (rC+) [potion of mutation]
  6004 | D:7      | Lost mutation: You are resistant to hostile enchantments. (MR+) [potion of mutation]
  6004 | D:7      | Lost mutation: You are partially covered in iridescent scales. (AC +2) [potion of mutation]
  6004 | D:7      | Lost mutation: Your flesh is cold resistant. (rC+) [potion of mutation]
  6004 | D:7      | Gained mutation: You are clumsy. (Dex -2) [potion of mutation]
  6004 | D:7      | Gained mutation: Your muscles are strong. (Str +2) [potion of mutation]
  6004 | D:7      | Gained mutation: Your system is resistant to poisons. (rPois) [potion of mutation]
  6011 | D:7      | Reached skill level 1 in Shields
  6137 | D:7      | Reached skill level 5 in Dodging
  6307 | D:7      | Found a blossoming altar of Fedhas.
  6624 | D:7      | Got a twisted ring mail
  6649 | D:7      | Found a white marble altar of Elyvilon.
  6695 | D:7      | Killed from afar by an orc wizard

Vault maps used:
D:1:      elethiomel_arrival_quiet
D:2:      lemuel_upstairs_altar, minmay_tromino_v2, uniq_crazy_yiuf_cottage
D:3:      regret_index_temple_of_mockery, kennysheep_slug_shrine,
          lemuel_round_altar
D:4:      black_bear_nest_1, chequers_temple_overflow_statue_of_worship,
          lightli_temple_of_fire, nicolae_ru_awakened_eye, fiery_altar_vehumet
D:5:      nicolae_overflow_hidden_temple, first_ration, serial_shops,
          kennysheep_mini, basic_altar, guppyfry_early_lair_pool
D:6:      tgw_trog, minmay_temple_entry_enclosed_plants, serial_shops,
          kennysheep_mini_moat
D:7:      fedhas_altar_1, serial_shops, shop, basic_altar

Skill      XL: |  1  2  3  4  5  6  7  8  9 |
---------------+----------------------------+-----
Spellcasting   | 2 3 5 6 7 |  7.6
Earth Magic    | 5 6 7 9 10 | 10.0
Fighting       | 3 4 |  4.6
Dodging        | 4 5 |  5.6
Shields        | 4 |  4.0
Stealth        | |  2.4
Transmutations | |  0.8

Action                   |  1- 3 |  4- 6 |  7- 9 || total
-------------------------+-------+-------+-------++-------
Melee: Unarmed           |    25 |       |       ||    25
       Quarterstaff      |       |    67 |    43 ||   110
       Kick              |       |       |     3 ||     3
Throw: Stone             |       |     1 |       ||     1
 Cast: Sandblast         |    47 |    39 |   126 ||   212
       Petrify           |       |       |     7 ||     7
       Passwall          |       |       |     3 ||     3
       Lee's Rapid Decon |       |       |    10 ||    10
Invok: Potion Petition   |       |       |     1 ||     1
  Use: Potion            |     2 |       |    10 ||    12
       Scroll            |       |       |    10 ||    10
 Stab: Sleeping          |     1 |     5 |     2 ||     8
       Petrified         |       |       |     9 ||     9
  Eat: Ration            |     1 |     1 |     6 ||     8
Armor: Robe              |    13 |    20 |     4 ||    37
       Leather armour    |       |       |     7 ||     7
Dodge: Dodged            |    43 |    47 |    54 ||   144
Block: Other             |       |     7 |     7 ||    14

Table legend:
 A = Spawn XP
 B = Non-spawn XP
 C = Spawn XP percentage of total XP
 D = Spawn monster count
 E = Non-spawn monster count
 F = Spawn count percentage of total count
 G = Total turns spent on level
                    A         B        C        D         E        F      G
               +---------+---------+-------+---------+---------+-------+---------
         Total |       0 |    4820 |   0.0 |       0 |     158 |   0.0 |  6695
               +---------+---------+-------+---------+---------+-------+---------
           D:1 |       0 |      22 |   0.0 |       0 |      14 |   0.0 |   593
           D:2 |       0 |     107 |   0.0 |       0 |      20 |   0.0 |  1009
           D:3 |       0 |     100 |   0.0 |       0 |      24 |   0.0 |  1004
           D:4 |       0 |     573 |   0.0 |       0 |      20 |   0.0 |   969
           D:5 |       0 |     761 |   0.0 |       0 |      30 |   0.0 |   930
           D:6 |       0 |    1452 |   0.0 |       0 |      24 |   0.0 |  1472
           D:7 |       0 |    1805 |   0.0 |       0 |      26 |   0.0 |   718
               +---------+---------+-------+---------+---------+-------+---------
